Map: Babylon LE

Players

amodster

  • Race: Terran Terran
  • League: Gold
  • Spawn Location: 11:00

MattBarry - Winner!

  • Race: Zerg Zerg
  • League: Gold
  • Spawn Location: 5:00

VOD

Have the link to the VOD?

Description

Time

  • Played on: Feb. 11, 2023, 2:23 a.m.
  • Length: 21:44
Show
View Real Time Build Order
Export as new Build Order

amodster Terran 

Build Orders: Reaper Expand 

Get SALT Encoding   

  12  0:00  SCV  
  13  0:15  Supply Depot  
  13  0:17  SCV  
  14  0:29  SCV  
  15  0:41  Barracks  
  15  0:43  SCV  
  15  0:49  Refinery  
  16  0:56  SCV  
  17  1:32  Command Center  
  17  1:33  Reaper  
  17  1:36  SCV  
  19  1:46  Refinery  
  19  1:48  Orbital Command  
  19  2:17  SCV  
  19  2:19  Barracks Reactor  
  20  2:28  Supply Depot  
  20  2:29  Factory  
  20  2:30  SCV  
  20  2:43  SCV  
  21  2:46  Orbital Command  
  21  2:55  SCV  
  22  3:06  Reaper  
  22  3:07  Reaper, SCV  
  25  3:13  Factory Reactor  
  25  3:18  Barracks  
  25  3:21  SCV x2  
  27  3:36  Starport  
  27  3:37  Refinery  
  27  3:38  Marine  
  27  3:39  SCV x2  
  30  3:45  Reaper  
  31  3:50  Hellion x2  
  31  3:51  SCV  
  31  3:53  SCV  
  37  3:59  Marine  
  38  4:03  SCV  
  38  4:04  Supply Depot  
  39  4:11  Hellion  
  38  4:29  Marine  
  38  4:30  Marine  
  37  4:32  Widow Mine  
  37  4:37  Barracks Tech Lab  
  35  4:43  Starport Tech Lab  
  35  4:46  Widow Mine  
  35  4:47  Marine x2  
  38  4:55  Marine  
  37  5:05  Marine x2, SCV  
  37  5:06  SCV  
  41  5:09  Medivac  
  41  5:14  Marauder  
  45  5:23  Marine  
  45  5:24  Marine  
  45  5:26  Widow Mine x2  
  48  5:29  SCV  
  48  5:35  Marauder  
  51  5:37  Concussive Shells  
  51  5:40  Marine  
  51  5:41  SCV  
  51  5:42  Marine  
  54  5:58  Marine  
  54  5:59  Widow Mine  
  54  6:01  Marine  
  54  6:02  Marauder  
  43  6:14  Widow Mine  
  43  6:16  Marine  
  42  6:19  Marine  
  42  6:21  Widow Mine  
  42  6:23  Marauder  
  40  6:34  Marine  
  40  6:37  Marine, Orbital Command  
  39  6:44  Marine  
  38  6:52  Marine  
  36  6:54  Marine  
  37  7:02  Marauder  
  37  7:06  Stimpack  
  39  7:09  Marine  
  39  7:12  Marine  
  41  7:23  Marine  
  41  7:27  Marine, Engineering Bay  
  41  7:28  Engineering Bay  
  43  7:30  Marine  
  43  7:31  SCV x2  
  43  7:36  Medivac  
  48  7:41  Marine  
  49  7:44  Barracks  
  49  7:45  Marine  
  49  7:47  SCV  
  49  7:48  Marine, SCV  
  53  7:55  Terran Infantry Weapons Level 1  
  53  7:57  Terran Infantry Armor Level 1  
  53  8:05  Marine  
  54  8:38  Marine, SCV  
  54  9:05  Marine  
  54  9:06  Marine, SCV  
  54  9:07  Marauder  
  49  9:23  Marine  
  49  9:24  Marine  
  49  9:28  Marine  
  48  9:31  Supply Depot  
  48  9:35  Command Center  
  44  9:41  Marine, Command Center  
  44  9:42  Marine  
  44  9:46  Marine  
  45  9:59  Marine x2  
  46  10:00  Barracks Tech Lab  
  46  10:03  Barracks  
  46  10:04  Marine  
  48  10:11  Refinery  
  48  10:12  SCV x2  
  48  10:13  Refinery  
  50  10:16  Marine  
  50  10:17  Marine  
  50  10:21  Marine  
  52  10:22  Marine  
  54  10:34  Marine  
  54  10:35  SCV x2  
  56  10:36  Marine  
  56  10:39  Marauder  
  56  10:40  Marauder  
  62  10:47  SCV  
  62  10:48  SCV  
  64  10:54  Supply Depot  
  64  10:59  Marine  
  65  11:13  Marine x2  
  65  11:14  Marauder x2  
  71  11:41  Marine x3  
  49  12:05  Marine x4  
  49  12:06  Marauder  
  49  12:10  SCV x4  
  53  12:22  SCV  
  54  12:23  Marine x3  
  54  12:24  Marauder  
  54  12:27  Marauder  
  61  12:31  SCV x2  
  61  12:33  Planetary Fortress  
  63  12:41  Marine x3  
  66  12:45  Marine  
  56  13:05  Marine x4  
  49  13:06  Marine  
  51  13:23  Marine x3  
  51  13:24  Marauder x2  
  58  13:34  SCV x3  
  60  13:41  Marine x2  
  62  13:42  SCV  
  62  13:45  Marauder x2  
  62  13:46  Marine, SCV x2  
  71  13:52  Siege Tank  
  74  13:58  Marine  
  74  14:01  Marine  
  76  14:02  Armory  
  76  14:07  Marauder  
  78  14:11  SCV x2  
  78  14:12  Planetary Fortress  
  78  14:16  Marine, Refinery  
  81  14:21  Medivac  
  81  14:22  Medivac  
  85  14:27  Marine x2  
  87  14:31  Combat Shield  
  87  14:33  Marine  
  87  14:37  Marine x2  
  90  14:44  SCV x2  
  90  14:45  SCV  
  93  15:13  Marine x3  
  96  15:14  Marine, Marauder  
  99  15:32  Marauder  
  66  15:49  Marine  
  53  15:50  Marine x3  
  53  15:52  SCV x2  
  53  15:53  Marine  
  53  15:54  SCV  
  56  16:01  Barracks, Terran Infantry Weapons Level 2  
  56  16:07  Marine x3  
  56  16:08  Terran Infantry Armor Level 2, Marauder  
  61  16:11  Marauder  
  61  16:13  Terran Vehicle Weapons Level 1  
  61  16:18  SCV x2  
  65  16:25  Marine x3  
  66  16:30  Marauder  
  70  16:33  Marauder  
  72  16:41  Siege Tank  
  72  16:43  Marine x3  
  78  16:50  Factory  
  78  16:51  Marauder  
  78  16:54  Marine, SCV  
  81  17:01  Marine x3  
  83  17:08  SCV x2  
  87  17:12  Marine, Marauder  
  87  17:13  SCV  
  91  17:16  Siege Tank  
  91  17:18  Marine  
  91  17:19  Marine x2, Medivac x2  
  101  17:40  Factory Tech Lab  
  101  18:06  Sensor Tower  
  101  18:29  Marauder, Siege Tank  
  101  18:30  Marine x3, SCV x2  
  101  18:31  SCV, Marauder, Medivac  
  101  18:32  Siege Tank  
  101  18:58  Command Center  
  101  19:00  Command Center  
  101  19:05  Barracks  
  101  19:14  Barracks x2  
  101  19:25  Marine  
  101  19:26  Marine x3  
  101  19:27  Marauder  
  92  19:39  Siege Tank x2  
  92  19:43  Marauder  
  92  19:44  Marine x3  
  99  19:49  Marauder  
  101  20:04  Command Center  
  101  20:09  Marine x3, SCV x3, Marauder  
  101  20:10  Marauder  
  101  20:11  Planetary Fortress  
  111  20:14  Sensor Tower  
  110  20:21  SCV  
  110  20:27  Marine x3  
  114  20:30  Marine  
  114  20:31  Marine  
  98  20:44  Marine x2  
  98  20:45  Marine  
  98  20:48  Marine  
  98  20:49  Marine  
  101  20:56  Viking x2  
  88  21:00  Marine  
  88  21:01  Marine  
  88  21:02  Marine x3  
  91  21:06  Marine  
  91  21:07  Marine  
  77  21:18  Marine x2  
  77  21:20  Marine x3  
Show
View Real Time Build Order
Export as new Build Order

MattBarry Zerg - Winner!

Build Orders: Hatch First 

Get SALT Encoding   

  12  0:00  Drone  
  13  0:12  Overlord  
  13  0:19  Drone  
  14  0:30  Drone x2  
  14  0:34  Drone  
  17  0:55  Hatchery  
  16  0:57  Drone  
  17  1:10  Spawning Pool  
  16  1:13  Extractor  
  16  1:14  Drone  
  16  1:18  Drone  
  17  1:29  Drone  
  18  1:39  Drone  
  19  1:57  Zergling x4  
  21  2:02  Overlord  
  21  2:06  Queen  
  21  2:07  Extractor  
  22  2:09  Queen, Evolution Chamber  
  24  2:16  Metabolic Boost  
  24  2:20  Drone x2  
  26  2:32  Roach Warren  
  25  3:01  Evolution Chamber  
  24  3:11  Queen  
  28  3:13  Roach x3  
  28  3:18  Roach  
  28  3:19  Roach  
  36  3:20  Overlord  
  36  3:38  Zerg Missile Weapons Level 1  
  36  3:42  Drone x4  
  40  3:56  Drone x2  
  40  3:57  Drone  
  40  4:02  Overlord  
  39  4:28  Roach x5  
  47  4:38  Zergling x8  
  51  4:54  Overlord  
  51  5:13  Roach x4, Overlord x2  
  56  5:28  Lair  
  56  5:36  Drone x2  
  56  5:37  Drone x4  
  62  5:44  Ravager x2  
  62  5:45  Ravager  
  56  6:19  Roach x4  
  56  6:20  Roach x6  
  65  6:37  Drone x2  
  65  6:38  Drone x2  
  61  7:09  Hatchery, Extractor  
  61  7:10  Drone x2  
  61  7:11  Extractor  
  56  7:21  Glial Reconstitution  
  48  7:29  Baneling Nest  
  47  7:30  Drone x8  
  55  7:56  Overseer  
  55  7:58  Hatchery  
  55  8:04  Pneumatized Carapace  
  54  8:10  Queen  
  56  8:17  Zergling x26  
  69  8:24  Queen  
  71  8:45  Queen, Overlord x2  
  71  8:46  Drone x5  
  71  8:47  Drone x4  
  82  8:51  Queen  
  74  9:10  Roach x7  
  74  9:12  Ravager  
  74  9:13  Ravager x3  
  81  9:26  Drone x5  
  81  9:27  Spawning Pool  
  77  9:36  Drone x3  
  77  9:37  Drone x2  
  82  9:58  Drone x5  
  82  9:59  Drone x7  
  94  10:10  Hydralisk Den  
  93  10:18  Queen x3  
  93  10:19  Queen  
  101  10:30  Overlord x2  
  101  10:40  Spore Crawler  
  100  10:47  Spore Crawler  
  100  10:48  Spore Crawler  
  100  10:49  Spore Crawler  
  97  10:50  Spore Crawler x2  
  97  10:52  Spine Crawler  
  97  10:53  Spine Crawler  
  93  10:58  Centrifugal Hooks  
  93  11:04  Hydralisk x5  
  93  11:09  Grooved Spines  
  103  11:19  Infestation Pit  
  91  11:40  Hydralisk, Roach x2  
  91  11:41  Hydralisk x3, Roach x3  
  83  12:03  Roach x6  
  92  12:16  Drone x9  
  92  12:20  Muscular Augments  
  92  12:21  Zerg Melee Weapons Level 1  
  101  12:28  Overlord  
  101  12:52  Extractor  
  101  12:55  Extractor  
  83  13:07  Ravager  
  65  13:25  Hydralisk x2  
  65  13:26  Hydralisk x6  
  81  13:30  Drone x2  
  81  13:31  Drone x8  
  81  13:34  Extractor  
  90  13:35  Extractor  
  89  14:10  Overlord  
  89  14:19  Hive  
  89  14:21  Hydralisk x7  
  89  14:22  Hydralisk  
  89  14:24  Zergling x22  
  111  14:25  Overlord x3  
  116  14:34  Spire  
  115  14:46  Hatchery  
  115  14:48  Overseer  
  115  14:49  Overseer  
  113  14:54  Hydralisk  
  113  14:55  Hydralisk x6  
  126  15:05  Baneling x6  
  126  15:06  Baneling  
  126  15:12  Overlord x2  
  126  15:13  Hydralisk x2  
  130  15:14  Zergling x14  
  130  15:15  Zergling x8  
  130  15:17  Drone x4  
  134  15:46  Queen x3  
  125  15:57  Adrenal Glands  
  125  15:59  Greater Spire, Drone  
  125  16:00  Drone x5  
  131  16:07  Queen  
  129  16:27  Hatchery  
  121  16:39  Drone x7  
  129  16:40  Drone x3, Lurker Den  
  130  16:58  Corruptor x5, Extractor x2  
  138  17:15  Drone x7  
  144  17:16  Drone x2  
  147  17:28  Zergling x24  
  159  17:36  Overlord x3  
  159  17:52  Overlord x2  
  159  18:09  Brood Lord x5  
  169  18:15  Seismic Spines  
  159  18:35  Baneling x6  
  159  18:36  Baneling x2  
  159  18:42  Hydralisk x2  
  159  18:43  Hydralisk  
  159  18:44  Corruptor x4  
  159  18:45  Zergling x28  
  187  18:51  Zerg Ground Armor Level 1  
  187  19:00  Evolution Chamber  
  186  19:03  Evolution Chamber  
  186  19:05  Drone  
  186  19:13  Adaptive Talons  
  176  19:46  Corruptor x7  
  176  19:50  Brood Lord x4  
  169  20:52  Zergling x2  
  169  20:53  Zergling x54  
Tags
 
Add a new tag
Caveats
  • Supply blocks, unpowered buildings, or Contaminate may cause inaccurate times.
  • Supply counts are checked every 10 seconds.